 Dungeon Crawl Stone Soup version 0.15-a0-1579-gd26fec2 (console) character file.

147 Money the Insei (level 5, -4/45 HPs)
             Began as a Draconian Monk on June 19, 2014.
             Slain by a giant frog (5 damage)
             ... in a sewer.
             The game lasted 00:05:36 (1186 turns).

Money the Insei (Draconian Monk)                    Turns: 1186, Time: 00:05:36

HP  -4/45        AC  5     Str 14      XL: 5   Next:  8%
MP   5/5         EV 13     Int 10      God:
Gold 62          SH  0     Dex 14      Spells:  0 memorised,  4 levels left

rFire  . . .     SeeInvis .       - Unarmed
rCold  . . .     Clarity  .     (armour unavailable)
rNeg   . . .     rCorr    .     (no shield)
rPois  .         rRot     .     (helmet restricted)
rElec  .         Spirit   .     (no cloak)
SustAb .         Warding  .     (no gloves)
rMut   .         Stasis   .     (no boots)
Gourm  .                        (no amulet)
MR     .....                    (no ring)
                                (no ring)

@: not resistant to hostile enchantments, unstealthy
A: unfitting armour, cold-blooded, AC +5
a: no special abilities


You were in a sewer.
You were not hungry.

You visited 1 branch of the dungeon, and saw 3 of its levels.
You also visited: Sewer.

You collected 62 gold pieces.

Inventory:

Comestibles
 b - 2 bread rations
 f - a meat ration
 m - a beef jerky
 n - a slice of pizza
Scrolls
 c - a scroll of teleportation {unknown}
 i - 2 scrolls of identify {unknown}
 l - a scroll of remove curse {unknown}
Jewellery
 d - an uncursed amulet of faith
Potions
 a - a potion of heal wounds {unknown}
 e - a potion of curing {unknown}
 g - a potion of mutation {unknown}
 h - a potion of poison {unknown}
 j - a potion of invisibility {unknown}


   Skills:
 - Level 3.2 Fighting
 - Level 2.6 Dodging
 - Level 1.7 Stealth
 + Level 6.4 Unarmed Combat


You had 4 spell levels left.
You didn't know any spells.

Dungeon Overview and Level Annotations

Branches:
Dungeon (3/15)

Altars:


Innate Abilities, Weirdness & Mutations

Your plain brown scales are hard (AC +5).
Your body does not fit into most forms of armour.
Your cold-blooded metabolism reacts poorly to cold.


Message History

The giant frog closely misses you.
Throwing (i - inventory):
k - a throwing net (quivered)
Press: ? - help, Shift-Dir - straight line, f/p - giant frog
Aim: a giant frog You throw a throwing net.
The throwing net completely misses the giant frog.
You hear a splash.
The giant frog hits you but does no damage.
The giant frog hits you!
You barely miss the giant frog.
The giant frog is severely wounded.
The giant frog barely misses you. The giant frog hits you.
* * * LOW HITPOINT WARNING * * *
The giant frog hits you but does no damage.
You punch the giant frog!
The giant frog is almost dead.
The giant frog barely misses you. The giant frog hits you!
* * * LOW HITPOINT WARNING * * *
The giant frog hits you.
You die...

≈≈≈≈≈≈≈≈≈≈≈≈≈≈≈≈≈≈≈≈≈≈≈≈≈≈..#
≈≈≈≈≈≈≈≈≈≈≈≈≈≈≈≈≈≈≈≈≈≈≈≈≈≈≈.#
≈≈≈≈≈≈≈≈≈≈≈≈≈≈≈≈≈≈≈≈≈≈≈≈≈≈≈.#
.≈.........≈≈≈≈≈≈≈≈≈≈..≈≈≈≈.#
#######%≈≈≈≈≈≈≈≈≈≈≈≈≈≈≈.≈≈≈.#
# #≈≈≈≈≈≈≈≈≈≈≈≈≈≈≈≈≈≈.≈≈≈.# #
#≈≈≈≈≈≈≈≈≈≈≈≈≈≈≈≈≈≈≈≈≈≈≈# #
#≈≈≈≈≈≈≈≈≈≈≈≈≈≈≈≈≈≈≈≈≈≈≈.# #
#≈≈≈≈≈≈≈(?.≈F@≈≈≈≈≈≈≈≈≈%%# #
#≈≈≈≈≈≈.$)$≈.F.≈≈≈≈≈≈≈≈≈≈# #
#≈≈≈≈≈≈≈.$...≈.≈≈≈≈≈≈≈≈≈≈# #
#≈≈≈≈≈≈≈..≈≈≈..≈≈≈≈≈≈≈≈≈≈# #
#F≈≈≈≈≈≈≈≈≈≈≈∩≈≈≈≈#≈≈≈≈≈# #
≈≈≈≈≈≈≈≈≈≈≈≈≈≈##≈≈≈≈≈# #
≈≈≈≈≈≈≈≈####≈≈≈≈.# # ≈≈≈≈####
#≈≈≈≈.# # # #.≈≈≈.#


You could see 2 giant frogs.

Vanquished Creatures
  Jessica (D:2)
  4 adders
  A green rat (D:3)
  5 giant mites
  7 giant geckos
  6 ball pythons
  6 giant cockroaches
  A goblin (D:2)
  3 hobgoblins
  A kobold (D:2)
  A quokka (D:2)
  4 bats
  2 giant newts (Sewer)
  7 rats
49 creatures vanquished.

Notes
Turn   | Place    | Note
--------------------------------------------------------------
     0 | D:1      | Money, the Draconian Monk, began the quest for the Orb.
     0 | D:1      | Reached XP level 1. HP: 19/19 MP: 1/1
    80 | D:2      | Reached XP level 2. HP: 12/26 MP: 2/2
   342 | D:2      | Noticed Jessica
   350 | D:2      | Killed Jessica
   350 | D:2      | Reached skill level 5 in Unarmed Combat
   350 | D:2      | Reached XP level 3. HP: 11/31 MP: 3/3
   704 | D:3      | Reached XP level 4. HP: 30/38 MP: 4/4
   748 | D:3      | Found a glowing drain.
   764 | Sewer    | Entered a sewer
   797 | Sewer    | Reached skill level 6 in Unarmed Combat
  1052 | Sewer    | Reached XP level 5. HP: 17/45 MP: 5/5
  1140 | Sewer    | Noticed a giant frog
  1169 | Sewer    | Noticed a giant frog
  1186 | Sewer    | HP: 1/45 [giant frog (8)]
  1186 | Sewer    | Slain by a giant frog

Action                   |  1- 3 |  4- 6 || total
-------------------------+-------+-------++-------
Melee: Unarmed           |    81 |   108 ||   189
Throw: Throwing net      |       |     2 ||     2
